 Dungeon Crawl Stone Soup version 0.27.1 (webtiles) character file.

Game seed: 5201485042482866648

80 MasterNub the Skirmisher (level 4, 29/29 HPs)
             Began as a Gargoyle Fighter on Aug 27, 2021.
             Quit the game on level 3 of the Dungeon.
             The game lasted 00:05:18 (2147 turns).

MasterNub the Skirmisher (Gargoyle Fighter)         Turns: 2147, Time: 00:05:18

Health: 29/29      AC: 10    Str: 20    XL:     4   Next: 39%
Magic:  4/4        EV:  7    Int:  9    God:
Gold:   46         SH:  9    Dex:  9    Spells: 3/3 levels left

rFire    + . .     SeeInvis .   a - +0 flail
rCold    . . .     Faith    .   c - +0 kite shield
rNeg     + . .     Spirit   .   b - +0 scale mail
rPois    ∞         Reflect  .   (no helmet)
rElec    +         Harm     .   (no cloak)
rCorr    .         Rampage  .   (no gloves)
Will     .....                  (no boots)
Stlth    ..........             (no amulet)
HPRegen  0.09/turn              e - ring of protection from fire
MPRegen  0.09/turn              (no ring)

@: no status effects
A: sickness immunity, AC +3, negative energy resistance 1, electricity
resistance, torment resistance 1, petrification resistance
a: no special abilities


You were on level 3 of the Dungeon.
You visited 1 branch of the dungeon, and saw 3 of its levels.

You collected 46 gold pieces.

Inventory:

Hand Weapons
 a - a +0 flail (weapon)
Armour
 b - a +0 scale mail (worn)
 c - a +0 kite shield (worn)
Jewellery
 e - a ring of protection from fire (left hand)
Scrolls
 f - a scroll of amnesia {unknown}
 g - a scroll of summoning {unknown}
 i - a scroll of torment {unknown}
 j - 4 scrolls of identify
Potions
 d - a potion of might
 h - a potion of lignification


   Skills:
 + Level 4.0 Fighting
 + Level 2.7 Maces & Flails
 + Level 3.9 Armour
 + Level 0.4 Dodging
 + Level 3.8 Shields


You had 3 spell levels left.
You didn't know any spells.
Your spell library was empty.

Dungeon Overview and Level Annotations

Branches:
Dungeon (3/15)

Altars:

Shops:
D:1 [


Innate Abilities, Weirdness & Mutations

You are immune to sickness and miasma.
Your stone body is resilient. (AC +3)
You are immune to poison.
You resist negative energy. (rN+)
You are resistant to electric shocks. (rElec)
You are resistant to unholy torment.
You are immune to petrification.


Message History

No target in view!
No target in view!
No target in view!
j - 4 scrolls of identify (gained 1)
You now have 32 gold pieces (gained 14).
Found 26 sling bullets.
Found 14 gold pieces.
You now have 46 gold pieces (gained 14).
There is a stone staircase leading down here.
You see here a +0 dagger.
Done exploring.
Done exploring.
Done exploring.
(D) Dungeon
Where to? (Enter - D:1, ? - help)
What level of the Dungeon? (default 1, ? - help)
There is a stone staircase leading down here.
You climb downwards.
The endoplasm quivers.
Found a flail.
There is a stone staircase leading up here.
An endoplasm is nearby!
An endoplasm is nearby!
You hit the endoplasm.
The endoplasm is almost dead.
The endoplasm hits you but does no damage.
You hit the endoplasm.
You kill the endoplasm!
No target in view!
No target in view!
No target in view!
No target in view!
No target in view!
No target in view!
No target in view!
No target in view!
Found a stone staircase leading down.
A frilled lizard comes into view.
The frilled lizard hisses angrily.
Are you sure you want to abandon this character and quit the game? (Confirm with "yes".)

#. ..### ... .
#.## ####.
#.<#####.....
#.........###
#....##.........
#.)..
#.....####.
#....
#..@.......
#....
###l#.#####
#.... ..#.#
#.### ##.. # #.
##.. .># #.# .#


You could see a frilled lizard.

Vanquished Creatures
  4 adders (D:2)
  A worm (D:2)
  4 dart slugs (D:1)
  2 endoplasms
  3 giant cockroaches (D:1)
  2 goblins
  3 hobgoblins (D:1)
  3 quokkas
  3 ball pythons (D:1)
  4 bats
  A frilled lizard (D:1)
  A kobold (D:1)
  2 rats
33 creatures vanquished.

Notes
Turn   | Place    | Note
-------+----------+-------------------------------------------
     0 | D:1      | MasterNub the Gargoyle Fighter began the quest for the Orb.
     0 | D:1      | Reached XP level 1. HP: 14/14 MP: 1/1
    51 | D:1      | Reached XP level 2. HP: 18/19 MP: 2/2
   206 | D:1      | Found Nukhlein's Antique Armour Boutique.
   570 | D:1      | Reached XP level 3. HP: 23/24 MP: 3/3
  1324 | D:2      | Found a faded altar of an unknown god.
  1411 | D:2      | Reached XP level 4. HP: 15/29 MP: 4/4
  1929 | D:2      | Reached skill level 4 in Fighting
  2147 | D:3      | Quit the game

Illustrated notes

Levels and vault maps discovered:
D:1:      kennysheep_arrival_forest, layout_basic, serial_shops, shop
D:2:      layout_loops_ring, ebering_ecumenical_altar_hall
D:3:      minmay_bubble_buster, layout_basic, uniq_natasha

Skill      XL: |  1  2  3  4 |
---------------+-------------+-----
Fighting       | 4 |  4.0
Maces & Flails | |  2.7
Armour         | |  3.9
Dodging        | |  0.4
Shields        | |  3.8

Action                   |  1- 3 |  4- 6 || total
-------------------------+-------+-------++-------
Melee: Flail             |   108 |    37 ||   145
  Use: Scroll            |     5 |       ||     5
       Potion            |     1 |       ||     1
Armor: Scale mail        |    58 |    21 ||    79
Dodge: Dodged            |    42 |    12 ||    54
Block: Kite shield       |    56 |    19 ||    75
